Map: Dusk Towers

Players

LittleJimmy

  • Race: Terran Terran
  • League: Master

xKawaiian - Winner!

  • Race: Terran Terran
  • League: Master

VOD

Have the link to the VOD?

Description

Time

  • Played on: Jan. 17, 2016, 6:32 p.m.
  • Length: 16:45
Show
View Real Time Build Order
Export as new Build Order

LittleJimmy Terran 

Build Orders: Liberator Opening 

Get SALT Encoding   

  12  0:01  SCV  
  13  0:13  SCV  
  14  0:18  Supply Depot  
  14  0:25  SCV  
  15  0:28  Refinery  
  15  0:39  SCV  
  16  0:47  Barracks  
  16  0:51  SCV  
  17  1:00  Refinery  
  17  1:04  SCV  
  18  1:16  SCV  
  19  1:28  SCV  
  20  1:34  Reaper  
  21  1:40  Orbital Command  
  21  1:45  Factory  
  21  1:54  Supply Depot  
  21  2:06  Reaper  
  21  2:07  SCV  
  23  2:19  SCV  
  24  2:29  Hellion  
  26  2:31  Starport  
  26  2:32  SCV  
  26  2:36  Supply Depot  
  27  2:40  Reaper  
  29  2:44  SCV  
  29  2:56  SCV  
  29  2:57  Factory Tech Lab  
  30  3:08  SCV  
  29  3:21  Liberator  
  29  3:23  Command Center  
  27  3:31  Barracks Reactor  
  27  3:32  SCV  
  28  3:36  Siege Tank  
  34  3:44  SCV  
  34  3:45  Supply Depot  
  35  3:50  Supply Depot  
  35  3:59  SCV  
  35  4:01  Engineering Bay  
  36  4:11  SCV  
  37  4:17  Siege Tank  
  37  4:23  SCV  
  41  4:28  Viking  
  41  4:29  Marine x2  
  45  4:36  Missile Turret  
  44  4:47  Marine x2  
  46  4:59  SCV  
  47  5:05  Marine x2  
  46  5:12  Orbital Command  
  46  5:14  Viking  
  48  5:19  SCV  
  48  5:20  Siege Tank  
  52  5:22  Marine  
  52  5:24  Marine  
  54  5:31  SCV  
  55  5:39  Orbital Command  
  55  5:40  Marine  
  55  5:42  Marine  
  55  5:43  Viking  
  57  5:55  Command Center, Siege Tank  
  60  5:58  SCV, Marine  
  60  6:02  Marine  
  63  6:10  SCV  
  64  6:14  SCV  
  64  6:16  Marine  
  66  6:21  Viking  
  66  6:24  Refinery  
  68  6:26  Supply Depot, Refinery  
  68  6:30  Missile Turret  
  68  6:33  Missile Turret  
  68  6:42  SCV x2  
  70  6:47  Siege Tank  
  70  6:50  Factory  
  73  6:54  SCV  
  73  6:56  SCV  
  75  7:06  SCV  
  75  7:07  Orbital Command  
  75  7:08  Supply Depot  
  76  7:09  Armory  
  76  7:12  Barracks Reactor  
  76  7:13  SCV  
  77  7:18  SCV, Viking x2  
  63  7:37  SCV x2  
  63  7:39  Liberator  
  64  7:45  SCV  
  64  7:49  SCV x2  
  67  7:55  Sensor Tower  
  67  7:56  Missile Turret  
  67  7:57  Siege Tank  
  74  8:01  SCV  
  74  8:02  Terran Vehicle Weapons Level 1  
  74  8:03  SCV  
  74  8:04  Orbital Command  
  75  8:13  SCV, Hellion  
  75  8:14  Hellion, Missile Turret  
  75  8:15  SCV  
  78  8:25  SCV  
  72  8:35  Liberator  
  72  8:49  SCV x3  
  72  8:51  Siege Tank  
  72  8:53  Hellion x2  
  85  8:59  Missile Turret  
  85  9:00  Missile Turret  
  85  9:03  SCV x2  
  85  9:07  Missile Turret  
  87  9:14  Hellion x2  
  87  9:16  SCV  
  92  9:19  Refinery  
  92  9:20  Factory  
  92  9:23  Siege Tank  
  95  9:25  SCV x2  
  97  9:36  Hellion x2  
  101  9:41  Missile Turret  
  101  9:50  Supply Depot x2  
  101  9:51  SCV x3  
  104  9:54  Missile Turret  
  104  9:56  Terran Vehicle And Ship Armor Level 1, Siege Tank  
  104  9:57  Hellion  
  109  10:05  Factory Tech Lab  
  109  10:06  Supply Depot  
  109  10:11  SCV x3  
  109  10:12  Hellion  
  114  10:18  Refinery  
  114  10:20  Command Center, Refinery  
  114  10:23  SCV  
  114  10:24  SCV x2  
  117  10:28  Missile Turret  
  117  10:36  SCV x2  
  117  10:37  Liberator  
  96  10:53  Siege Tank x2  
  96  10:54  Hellion x2  
  96  10:55  Liberator  
  102  10:59  SCV x3  
  105  11:11  SCV x3, Factory  
  108  11:15  Hellion x2  
  115  11:18  Missile Turret  
  115  11:23  SCV x3  
  118  11:27  Missile Turret  
  118  11:30  Missile Turret  
  118  11:32  Missile Turret  
  118  11:35  SCV x3  
  118  11:37  Thor, Viking  
  118  11:38  Hellion  
  131  11:44  Siege Tank  
  134  11:47  SCV x2  
  134  11:49  Supply Depot  
  136  11:55  Viking  
  136  11:59  Factory Tech Lab  
  138  12:01  Hellion  
  138  12:02  Hellion  
  138  12:07  Viking  
  144  12:09  Terran Vehicle And Ship Armor Level 2  
  144  12:10  Missile Turret  
  144  12:25  Viking, Siege Tank x2  
  144  12:26  Hellion x2  
  154  12:41  Command Center, Infernal Pre-Igniter  
  154  12:48  Hellion  
  135  13:02  SCV x3  
  132  13:07  Siege Tank  
  132  13:09  Hellion  
  136  13:14  SCV x2  
  136  13:15  Siege Tank  
  139  13:20  SCV  
  139  13:26  SCV  
  141  13:27  Supply Depot, Missile Turret  
  141  13:29  Supply Depot  
  141  13:30  Supply Depot x2  
  141  13:35  Liberator x2  
  141  13:38  Missile Turret  
  141  13:49  SCV x3, Hellion, Siege Tank, Missile Turret  
  141  13:51  Hellion, Siege Tank  
  160  14:01  SCV x3  
  160  14:02  Sensor Tower  
  163  14:10  Hellion  
  163  14:12  Hellion  
  128  14:24  Liberator  
  128  14:27  Siege Tank x2  
  128  14:28  Hellion  
  120  14:36  Hellion x2  
  124  14:42  SCV x2  
  129  14:52  Siege Tank  
  132  14:57  Hellion  
  132  14:59  Missile Turret  
  131  15:03  Siege Tank  
  131  15:04  Hellion  
  125  15:24  Siege Tank  
  125  15:27  Liberator x2  
  109  15:43  Hellion, Siege Tank  
  120  15:52  Siege Tank  
  120  15:53  Hellion  
  120  15:56  Hellion  
  127  16:00  Refinery  
  127  16:05  Hellion, Refinery  
  129  16:14  Hellion  
  129  16:15  Hellion  
  133  16:24  Hellion  
Show
View Real Time Build Order
Export as new Build Order

xKawaiian Terran - Winner!

Build Orders: 1/1/1, Cyclone Opening, MMM Bio 

Get SALT Encoding   

  12  0:00  SCV  
  13  0:12  SCV  
  14  0:17  Supply Depot  
  14  0:24  SCV  
  15  0:39  SCV  
  15  0:41  Barracks  
  16  0:45  Refinery  
  16  0:51  SCV  
  16  0:53  Refinery  
  17  1:03  SCV  
  18  1:15  SCV  
  19  1:28  Marine  
  19  1:29  Orbital Command  
  20  1:33  Factory  
  20  1:42  Supply Depot  
  20  1:45  Marine  
  21  1:55  SCV  
  22  2:03  Marine  
  23  2:09  SCV  
  24  2:18  Factory Tech Lab, Starport  
  24  2:21  SCV, Marine  
  26  2:31  Supply Depot  
  26  2:33  SCV  
  27  2:38  Cyclone  
  27  2:41  Marine  
  31  2:52  SCV  
  31  2:55  Medivac  
  34  2:59  Marine  
  34  3:00  Supply Depot  
  35  3:08  SCV  
  35  3:12  Siege Tank  
  39  3:21  Liberator  
  39  3:22  Marine  
  40  3:27  SCV  
  40  3:34  Supply Depot  
  41  3:39  Marine  
  45  3:42  SCV  
  45  3:47  Supply Depot  
  48  3:55  SCV  
  48  3:56  Hellion  
  48  3:57  Marine  
  50  4:10  SCV  
  50  4:23  Command Center  
  50  4:25  SCV  
  50  4:29  Barracks Reactor  
  51  4:32  Supply Depot  
  51  4:37  SCV  
  52  4:49  SCV  
  52  4:50  Barracks  
  52  4:51  Barracks  
  53  5:00  Siege Tank  
  53  5:01  SCV  
  57  5:16  SCV  
  57  5:18  Starport Reactor  
  58  5:28  SCV  
  58  5:29  Supply Depot  
  58  5:30  Supply Depot  
  58  5:35  Orbital Command  
  59  5:42  SCV, Marine  
  56  5:44  Barracks Reactor  
  56  5:45  Barracks Tech Lab  
  56  5:54  Medivac x2  
  56  5:55  SCV  
  61  6:00  Supply Depot  
  61  6:04  SCV  
  61  6:05  Stimpack  
  61  6:07  SCV  
  63  6:18  Command Center  
  63  6:20  SCV  
  63  6:21  SCV  
  63  6:25  Supply Depot, Marine  
  65  6:32  Marine x3  
  69  6:33  Medivac  
  69  6:36  Medivac  
  69  6:37  SCV  
  74  6:41  Refinery  
  74  6:42  SCV  
  74  6:43  Refinery  
  75  6:49  Supply Depot x2  
  75  6:50  Marine  
  75  6:51  Marine  
  77  7:01  Barracks  
  77  7:02  SCV  
  77  7:04  Barracks  
  77  7:06  Marine  
  79  7:08  Supply Depot  
  79  7:10  Medivac  
  79  7:13  Medivac  
  83  7:22  Marine  
  77  7:23  Marine  
  77  7:25  Marine x2  
  77  7:27  Siege Tank  
  75  7:40  Marine x2  
  75  7:41  SCV  
  74  7:44  Engineering Bay  
  74  7:45  SCV  
  74  7:46  Engineering Bay  
  74  7:49  Barracks Reactor  
  75  7:52  Orbital Command  
  75  7:57  Marine  
  76  7:58  Barracks Reactor  
  76  8:03  SCV  
  76  8:04  SCV  
  76  8:05  Combat Shields  
  78  8:08  Marine x3  
  78  8:09  Marine  
  78  8:11  Terran Infantry Armor Level 1  
  82  8:14  Terran Infantry Weapons Level 1  
  82  8:15  Marine  
  82  8:25  Marine  
  83  8:28  Siege Tank  
  83  8:31  Marine x2  
  83  8:32  Marine, Medivac  
  90  8:35  Marine  
  90  8:36  Marine  
  90  8:39  SCV  
  90  8:40  SCV  
  93  8:45  Barracks x2  
  93  8:47  Supply Depot, Marine x2  
  86  8:48  Marine  
  86  8:49  Supply Depot  
  86  8:50  Medivac  
  86  8:53  SCV  
  86  8:54  SCV  
  91  8:59  Marine  
  91  9:00  Armory, Siege Tank, Marine x2  
  91  9:02  Marine  
  97  9:03  Marine  
  97  9:06  Medivac  
  97  9:08  Marine x2  
  103  9:10  SCV x3  
  106  9:19  Marine x2  
  106  9:20  Supply Depot, Medivac  
  106  9:22  SCV  
  106  9:23  Marine x4  
  106  9:24  Marine  
  110  9:26  SCV x2  
  113  9:36  Marine  
  114  9:42  Marine  
  114  9:45  Marine x3  
  117  9:46  Marine x3  
  117  9:49  Command Center  
  117  9:50  Barracks Reactor  
  117  9:52  Barracks Reactor, Refinery, Marine  
  120  9:54  Marine, Refinery, Medivac  
  124  10:00  Marine  
  124  10:02  Marine  
  124  10:03  Marine x4  
  124  10:05  Terran Vehicle Weapons Level 1  
  130  10:09  Missile Turret  
  130  10:11  Missile Turret  
  130  10:13  Supply Depot  
  130  10:14  SCV x2  
  130  10:15  SCV, Supply Depot  
  130  10:19  Supply Depot  
  130  10:20  Marine x5  
  130  10:21  Medivac, Marine x2  
  140  10:26  SCV  
  143  10:29  Supply Depot, Terran Infantry Weapons Level 2  
  143  10:32  Supply Depot  
  143  10:42  Terran Infantry Armor Level 2  
  121  10:44  Marauder, Marine x2  
  121  10:48  Marine  
  113  10:51  Marine  
  107  11:06  Barracks Tech Lab, Barracks, Marauder  
  107  11:07  Barracks  
  107  11:08  Supply Depot, Planetary Fortress  
  107  11:10  SCV, Barracks Tech Lab  
  107  11:11  Marine  
  110  11:16  Siege Tank  
  110  11:17  Medivac  
  116  11:19  Medivac  
  118  11:30  Marine  
  118  11:31  Marine x2  
  121  11:33  Concussive Shells  
  121  11:34  Marine  
  122  11:40  Command Center  
  122  11:42  Marauder, Marine x3  
  122  11:43  Marauder  
  122  11:45  Marine  
  122  11:46  Marauder  
  132  11:48  Marine  
  132  11:51  Refinery x2  
  132  11:52  SCV  
  132  11:53  Marine  
  135  11:54  Barracks Tech Lab  
  135  11:55  Barracks Tech Lab  
  135  11:57  Marine  
  135  11:59  Marine  
  135  12:00  Marine x2  
  139  12:01  Marine  
  139  12:03  Marine x2  
  139  12:04  Marauder  
  145  12:08  SCV x3  
  145  12:13  Marauder, Marine  
  145  12:14  Marine  
  145  12:15  Marauder  
  153  12:20  Factory  
  153  12:22  Terran Vehicle Weapons Level 2, Factory  
  153  12:23  Marine  
  153  12:24  Marine  
  153  12:27  Marine x2  
  157  12:33  Marauder, Marine x2  
  157  12:34  Marine  
  157  12:35  SCV  
  157  12:36  SCV  
  162  12:44  Marauder, Marine  
  149  12:53  Marine  
  149  12:54  Marauder  
  149  12:58  Marauder x2, Marine x4  
  150  12:59  Marauder, Medivac x2  
  154  13:11  Marauder, Marine x3  
  157  13:15  Marauder  
  157  13:16  SCV x2  
  157  13:17  SCV  
  162  13:23  Factory Tech Lab x2  
  162  13:24  SCV  
  163  13:27  Marine  
  163  13:28  SCV x2, Marauder x2, Marine  
  163  13:29  Terran Infantry Weapons Level 3  
  171  13:34  Terran Infantry Armor Level 3  
  171  13:37  Marauder  
  171  13:41  Planetary Fortress  
  173  13:48  Marine x3  
  173  13:49  Marauder x2, Marine  
  173  13:53  Marine x2  
  173  13:54  Marauder  
  185  13:57  Marauder, Marine  
  188  14:03  Marine  
  188  14:04  Marauder  
  188  14:06  Marine x4  
  195  14:10  Marauder, Marine  
  195  14:15  Marauder  
  174  14:17  Marine  
  174  14:18  Marauder  
  174  14:22  Marine  
  174  14:23  Thor, Marine  
  174  14:24  Thor  
  155  14:25  Marauder, Marine x2  
  155  14:27  Marine x2  
  155  14:28  Marauder  
  155  14:30  Marine  
  144  14:31  Marauder  
  144  14:35  Marine  
  144  14:37  Marauder  
  148  14:39  Medivac x2  
  148  14:40  Marauder, Marine  
  148  14:41  Marine  
  156  14:46  Starport  
  156  14:47  Marauder  
  156  14:48  Starport  
  156  14:49  Marine x2  
  156  14:50  Marauder, Marine x2  
  164  14:53  Marauder  
  164  14:54  Marine  
  164  14:58  Marauder  
  164  14:59  Marine x2  
  171  15:01  Marauder  
  173  15:08  Marauder  
  173  15:12  Command Center  
  173  15:13  SCV, Marauder, Marine x2  
  177  15:14  Marauder  
  177  15:20  Marauder, Marine  
  177  15:21  Medivac  
  175  15:22  Medivac x2  
  175  15:25  Medivac  
  175  15:26  Marine x2  
  175  15:27  SCV  
  175  15:28  Marine  
  178  15:31  Marine x3  
  178  15:32  Marine  
  183  15:41  Medivac x2  
  183  15:42  Marauder, Marine x2  
  185  15:49  Refinery x2  
  185  15:50  Marine  
  185  15:51  Medivac  
  185  15:52  Medivac x2  
  185  15:53  Marine  
  185  15:54  Marauder, Marine  
  185  15:56  Marauder  
  198  16:06  Marauder  
  187  16:19  Marine x2  
  187  16:20  Marauder, Marine x2  
  187  16:24  Marine x2  
Tags
 
Add a new tag
Caveats
  • Supply blocks, unpowered buildings, or Contaminate may cause inaccurate times.
  • Supply counts are checked every 10 seconds.